 Dungeon Crawl Stone Soup version 0.22.0-13-g43fe8f24b8 (webtiles) character file.

3490 zuik the Grappler (level 10, -6/88 HPs)
             Began as a Ghoul Fighter on Aug 16, 2018.
             Was a Believer of Makhleb.
             Killed from afar by an electric eel (12 damage)
             ... with a bolt of electricity
             ... on level 8 of the Dungeon.
             The game lasted 00:19:00 (6979 turns).

zuik the Grappler (Ghoul Fighter)                   Turns: 6979, Time: 00:19:00

Health: -6/88      AC: 13    Str: 21    XL:     10   Next: 7%
Magic:  9/9        EV:  7    Int:  3    God:    Makhleb [**....]
Gold:   474        SH: 10    Dex: 11    Spells: 9/9 levels left

rFire    . . .     SeeInvis .     - Unarmed
rCold    + + .     Gourm    .   b - +0 shield
rNeg     + + +     Faith    .   z - +0 plate armour
rPois    ∞         Spirit   .   u - +1 hat
rElec    .         Reflect  .   y - scarf {repulsion}
rCorr    .         Harm     .   (no gloves)
MR       .....                  (no boots)
Stlth    ..........             (no amulet)
HPRegen  0.00/turn              t - +3 ring of evasion
MPRegen  0.11/turn              m - ring of protection from cold

@: rotting, repel missiles
A: rotting body, claws 1, carnivore, cold resistance 1, negative energy
resistance 3, inhibited regeneration, torment resistance, unbreathing
a: Minor Destruction, Renounce Religion


You were on level 8 of the Dungeon.
You worshipped Makhleb.
Makhleb was pleased with you.
You were not hungry.

You visited 2 branches of the dungeon, and saw 9 of its levels.
You also visited: Ossuary.

You collected 474 gold pieces.

Inventory:

Armour
 b - a +0 shield (worn)
 u - a +1 hat (worn)
 y - a scarf of repulsion (worn)
 z - a +0 plate armour (worn)
Jewellery
 m - a ring of protection from cold (right claw)
 t - a +3 ring of evasion (left claw)
 B - an uncursed ring of fire
Wands
 c - a wand of flame (18)
 r - a wand of acid (36)
Scrolls
 e - 10 scrolls of teleportation
 f - 3 scrolls of magic mapping
 l - 5 scrolls of remove curse
 n - 6 scrolls of amnesia
 p - a scroll of enchant weapon
 v - 3 scrolls of immolation
 x - a scroll of enchant armour
 C - a scroll of fear {unknown}
 D - a scroll of summoning {unknown}
Potions
 a - 2 potions of haste
 g - a potion of invisibility {unknown}
 h - 3 potions of brilliance
 i - a potion of mutation {unknown}
 j - a potion of flight {unknown}
 q - 3 potions of lignification
 s - 2 potions of curing
 w - 2 potions of heal wounds
 A - a potion of cancellation {unknown}
 E - a potion of might
Comestibles
 d - 11 rations


   Skills:
 + Level 7.6 Fighting
 + Level 6.3 Armour
 + Level 6.3 Shields
 * Level 10.0 Unarmed Combat


You had 9 spell levels left.
You didn't know any spells.
Your spell library contained the following spells:

 Spells                   Type           Power        Failure   Level  Hunger
 Regeneration             Chrm/Necr      #.........   100%        3    ####...
 Shroud of Golubria       Chrm/Tloc      #.........   100%        2    ###....
 Infusion                 Chrm           #...         100%        1    ##.....
 Song of Slaying          Chrm           #.......     100%        2    ###....
 Spectral Weapon          Hex/Chrm       #.......     100%        3    ####...


Dungeon Overview and Level Annotations

Branches:
Dungeon (8/15)             Temple (1/1) D:5
   Lair: D:8-11

Altars:
Ashenzari
Cheibriados
Elyvilon
Fedhas
Gozag
Hepliaklqana
Kikubaaqudgha
Makhleb
Nemelex Xobeh
Okawaru
Qazlal
Ru
Sif Muna
Trog
Uskayaw
Vehumet
Wu Jian
Xom
Yredelemnul
Zin
The Shining One

Annotations:
D:8 Gastronok


Innate Abilities, Weirdness & Mutations

Your body is rotting away.
You thrive on raw meat.
You are immune to poison.
You have sharp fingernails.
You are carnivorous and can eat meat at any time.
Your flesh is cold resistant. (rC+)
You are immune to negative energy. (rN+++)
You do not regenerate when monsters are visible.
You are immune to unholy pain and torment.
You can survive without breathing.


Message History

The bolt of electricity hits you!
* * * LOW HITPOINT WARNING * * *
Unknown command.
You scratch the electric eel.
The electric eel is lightly wounded.
The electric eel shoots out a bolt of lightning at you!
The bolt of electricity hits you!
* * * LOW HITPOINT WARNING * * *
Unknown command.
You scratch the electric eel but do no damage.
The electric eel is lightly wounded.
Unknown command.
You claw the electric eel!
The electric eel is almost dead.
The electric eel shoots out a bolt of lightning at you!
The bolt of electricity hits you!
* * * LOW HITPOINT WARNING * * *
The electric eel shoots out a bolt of lightning at you!
The bolt of electricity hits you!
You die...

#....###..########
.!... #...# ##..#
.# #..#######
...###.#.....#
..............#
.............?#
###...≈.......#
#..≈;.@.....#
...≈≈≈;......#
.##.≈≈≈≈......#
#.≈≈≈≈......#
#..........#####
###..#..##.#<..#
#.....##.###.#
##.#..##.....#
#######


You could see 2 electric eels.

Vanquished Creatures
  Pikel (D:7)
  Joseph (D:7)
  A wraith (Ossuary)
  Grum (D:8)
  Menkaure (D:7)
  Duvessa (D:7)
  A sky beast (D:6)
  3 slaves (D:7)
  2 necrophages (D:7)
  3 ogres
  2 phantoms (D:4)
  2 wolves (D:8)
  A centaur (D:6)
  2 bullfrogs
  2 scorpions
  Dowan (D:7)
  2 crimson imps
  5 hounds
  2 jellies (D:5)
  A quasit (D:7)
  A centaur skeleton (D:6)
  An orc wizard (D:5)
  5 orc priests
  A gnoll shaman (D:5)
  5 worker ants
  A hound zombie (D:5)
  A mummy (Ossuary)
  3 gnolls (D:5)
  A worker ant zombie (D:5)
  A howler monkey skeleton (D:6)
  10 adders
  2 shadow imps
  An ooze (D:1)
  An adder zombie (D:6)
  2 adder skeletons
  2 worms
  A dart slug (D:2)
  3 leopard geckos
  18 orcs
  2 ball pythons
  7 giant cockroaches
  13 goblins
  5 hobgoblins
  11 jackals
  7 kobolds
  3 quokkas
  5 bats
  4 frilled lizards
  8 gnoll skeletons (Ossuary)
  2 goblin skeletons (D:7)
  3 hobgoblin zombies
  A jackal skeleton (D:5)
  6 kobold skeletons
  2 kobold zombies (D:7)
  13 orc skeletons
  A quokka skeleton (D:7)
  7 rats
195 creatures vanquished.

Vanquished Creatures (others)
  A slave (D:8)
  A wolf (D:8)
2 creatures vanquished.

Grand Total: 197 creatures vanquished

Notes
Turn   | Place    | Note
-------+----------+-------------------------------------------
     0 | D:1      | zuik the Ghoul Fighter began the quest for the Orb.
     0 | D:1      | Reached XP level 1. HP: 19/19 MP: 0/0
   319 | D:1      | Reached XP level 2. HP: 24/24 MP: 1/1
   561 | D:1      | Reached XP level 3. HP: 22/31 MP: 2/2
   668 | D:1      | Reached skill level 3 in Unarmed Combat
  1057 | D:2      | Reached XP level 4. HP: 32/40 MP: 3/3
  1080 | D:2      | Found a deep blue altar of Sif Muna.
  1174 | D:2      | Found an ancient bone altar of Kikubaaqudgha.
  2117 | D:3      | Reached XP level 5. HP: 46/46 MP: 4/4
  2689 | D:4      | Reached skill level 4 in Unarmed Combat
  2700 | D:4      | Noticed a phantom
  2737 | D:4      | Killed a phantom
  2737 | D:4      | Reached XP level 6. HP: 27/53 MP: 5/5
  2863 | D:4      | Reached skill level 5 in Unarmed Combat
  2922 | D:4      | Reached XP level 7. HP: 21/60 MP: 6/6
  3108 | D:4      | Found a stormy altar of Qazlal.
  3247 | D:4      | Found a white marble altar of Elyvilon.
  3283 | D:4      | Reached skill level 5 in Fighting
  3629 | D:5      | Entered Level 5 of the Dungeon
  3690 | D:5      | Reached skill level 6 in Unarmed Combat
  3840 | D:5      | Found a staircase to the Ecumenical Temple.
  3849 | Temple   | Entered the Ecumenical Temple
  3952 | Temple   | Became a worshipper of Makhleb the Destroyer
  4001 | D:5      | Reached XP level 8. HP: 68/68 MP: 7/7
  4089 | D:5      | Found a bloodstained altar of Trog.
  4753 | D:6      | Reached skill level 7 in Unarmed Combat
  4853 | D:6      | Found an opulent altar of Gozag.
  5237 | D:7      | Noticed Joseph
  5257 | D:7      | Killed Joseph
  5257 | D:7      | Reached skill level 5 in Armour
  5257 | D:7      | Reached skill level 5 in Shields
  5257 | D:7      | Reached skill level 8 in Unarmed Combat
  5257 | D:7      | Reached XP level 9. HP: 54/78 MP: 8/8
  5400 | D:7      | Reached * piety under Makhleb
  5467 | D:7      | Noticed Menkaure
  5474 | D:7      | Killed Menkaure
  5485 | D:7      | Noticed Dowan
  5508 | D:7      | Killed Dowan
  5526 | D:7      | Noticed Duvessa
  5546 | D:7      | Killed Duvessa
  5585 | D:7      | Found a glowing golden altar of the Shining One.
  5594 | D:7      | Noticed Pikel
  5683 | D:7      | Killed Pikel
  5683 | D:7      | Reached skill level 9 in Unarmed Combat
  6259 | D:8      | Found a sand-covered staircase.
  6356 | D:8      | Noticed Gastronok
  6412 | D:8      | Noticed Grum
  6433 | D:8      | Killed Grum
  6449 | D:8      | Reached ** piety under Makhleb
  6452 | D:8      | Reached XP level 10. HP: 17/85 MP: 9/9
  6493 | Ossuary  | Entered an ossuary
  6855 | Ossuary  | Reached skill level 10 in Unarmed Combat
  6979 | D:8      | Killed from afar by an electric eel

Skill      XL: |  1  2  3  4  5  6  7  8  9 10 |
---------------+-------------------------------+-----
Unarmed Combat | 3 4 5 6 8 9 10 | 10.0
Shields        | 3 4 5 6 |  6.3
Armour         | 3 4 5 6 |  6.3
Fighting       | 4 5 6 7 |  7.6

Action                   |  1- 3 |  4- 6 |  7- 9 | 10-12 || total
-------------------------+-------+-------+-------+-------++-------
Melee: Unarmed           |   168 |   185 |   443 |    62 ||   858
  Use: Potion            |       |       |     2 |       ||     2
       Scroll            |       |       |       |    12 ||    12
  Eat: Chunk             |    11 |    18 |    34 |     6 ||    69
Armor: Scale mail        |    83 |    12 |       |       ||    95
       Chain mail        |       |    47 |   220 |    19 ||   286
Dodge: Dodged            |    48 |    29 |    95 |     9 ||   181
       Deflected         |       |       |     1 |       ||     1
Block: Shield            |    80 |    77 |   208 |    25 ||   390
